[Event "GCT Superbet Romania 2024"]
[Site "Bucharest"]
[Date "2024.06.28"]
[Round "3.2"]
[White "Vachier-Lagrave, Maxime"]
[Black "Firouzja, Alireza"]
[Result "1/2-1/2"]
[ECO "C67"]
[WhiteElo "2732"]
[BlackElo "2737"]
[Annotator "TA"]
[PlyCount "112"]
[EventDate "2024.06.24"]
[EventType "tourn"]
[EventCountry "ROU"]
[SourceTitle "playchess.com"]
[Source "ChessBase"]
[SourceQuality "1"]
[TimeControl "7200+30"]

1. e4 e5 2. Nf3 Nc6 3. Bb5 Nf6 4. O-O Nxe4 5. d4 Nd6 6. Bxc6 dxc6 7. dxe5 Nf5 8. Qxd8+ Kxd8 9. h3 Bd7 {[%emt 0:00:18] C67: Ruy Lopez: Berlin Defence: 4 0-0 Nxe4.} 10. Rd1 Be7 11. g4 Nh4 12. Nxh4 Bxh4 13. Nd2 Kc8 14. Nf3 Bd8 15. Bg5 f6 16. exf6 gxf6 17. Bh6 a5 18. Rd2 c5 19. Rad1 $146 ({Predecessor:} 19. Nh4 a4 20. a3 Ra6 21. Rad1 Be6 22. f4 Rb6 23. Ng2 Re8 24. Bg7 Be7 25. Re1 {½-½ Kovac,S (2437)-Pessoa,F (2527) EU-chT12 sf2 email 2021}) 19... Be6 20. a3 Ra6 21. Kh2 Rb6 22. Kg3 Rg8 23. Re1 f5 24. g5 Ba2 25. Kf4 Rxb2 26. c4 Rxd2 27. Nxd2 a4 (27... b5 $142) 28. Ra1 $1 $16 Bb3 29. Nxb3 $1 axb3 30. Rb1 $1 Re8 (30... b5 {keeps fighting.}) 31. Rxb3 $18 ({Worse is} 31. Kxf5 Re2 $11) 31... Re2 {[%emt 0:08:49] [#]} 32. f3 $1 ({Weaker is} 32. Kxf5 Rxf2+ 33. Ke6 c6 $11) 32... Rh2 33. Kxf5 Rxh3 34. Bg7 c6 35. Be5 b5 36. cxb5 (36. Kg4 $18 Rh1 37. f4 (37. cxb5 Rg1+ 38. Kf4 Bxg5+ 39. Kf5 cxb5 $14)) 36... c4 $14 37. Rb4 Rxf3+ 38. Ke4 (38. Ke6 $14) 38... Rxa3 $11 39. bxc6 Bc7 $1 40. Rxc4 Rh3 {[%emt 0:09:29] [#]} (40... Bxe5 $1 $11 {keeps the balance.} 41. Kxe5 Rh3) 41. Rc5 (41. Bd4 $1 $16) 41... Bxe5 $11 42. Rxe5 Kc7 43. Re6 Rh1 44. Ke5 Rh2 45. Kf6 Rh5 46. Kf5 Rh1 47. Rf6 Rh2 48. Ke6 Rh5 49. Rf7+ Kxc6 50. Kf6 $1 Kd6 51. Ra7 Kc6 52. Ra6+ Kd7 53. Ra7+ Kd6 54. Ra6+ Kd7 55. Ra7+ Kd6 56. Ra6+ Kd7 1/2-1/2

[Event "GCT Superbet Romania 2024"]
[Site "Bucharest"]
[Date "2024.06.28"]
[Round "3.3"]
[White "Giri, Anish"]
[Black "Nepomniachtchi, Ian"]
[Result "1/2-1/2"]
[ECO "E06"]
[WhiteElo "2745"]
[BlackElo "2770"]
[Annotator "TA"]
[PlyCount "81"]
[EventDate "2024.06.24"]
[EventType "tourn"]
[EventCountry "ROU"]
[SourceTitle "playchess.com"]
[Source "ChessBase"]
[SourceQuality "1"]
[TimeControl "7200+30"]

1. Nf3 Nf6 2. g3 d5 3. Bg2 e6 4. d4 Be7 5. c4 O-O 6. Nc3 dxc4 7. Ne5 c5 8. dxc5 Qxd1+ 9. Nxd1 Bxc5 10. O-O Nd5 11. Nxc4 Nc6 12. Nc3 Nd4 13. Bd2 Bd7 14. Rab1 Bc6 15. Rfe1 Nf6 16. Red1 Bxg2 17. Kxg2 {[%emt 0:00:04] Strongly threatening Be3.} Rac8 18. Bf4 Nf5 19. e4 Bb4 20. exf5 Rxc4 21. fxe6 {[%emt 0:00:11] The position is equal.} fxe6 22. Bd6 Rfc8 23. Bxb4 Rxb4 24. Rd3 e5 25. Nd5 Nxd5 26. Rxd5 Rc2 27. Rxe5 Rbxb2 28. Rxb2 Rxb2 $11 {[%emt 0:00:06][%mdl 4096] Endgame. KR-KR} 29. Re7 a5 30. a4 Rb4 31. f4 b6 32. Rb7 Rxa4 {[%emt 0:00:05] And now ...Rb4 would win.} 33. Rxb6 Ra2+ 34. Kh3 Kf7 35. Ra6 h6 36. Kg4 Rxh2 37. Ra7+ Kf6 38. Ra6+ Kf7 39. Ra7+ Kf6 40. Ra6+ Kf7 41. Ra7+ {[%emt 0:00:01] Weighted Error Value: White=0.04 (flawless) /Black=0.02 (flawless) .  Inaccurate:     	White=1     	---        OK:         	White=15    	Black=18} 1/2-1/2

[Event "GCT Superbet Romania 2024"]
[Site "Bucharest"]
[Date "2024.06.28"]
[Round "3.4"]
[White "Abdusattorov, Nodirbek"]
[Black "Caruana, Fabiano"]
[Result "1/2-1/2"]
[ECO "A46"]
[WhiteElo "2766"]
[BlackElo "2805"]
[Annotator "TA"]
[PlyCount "54"]
[EventDate "2024.06.24"]
[EventType "tourn"]
[EventCountry "ROU"]
[SourceTitle "playchess.com"]
[Source "ChessBase"]
[SourceQuality "1"]
[TimeControl "7200+30"]

1. d4 Nf6 2. Nf3 e6 3. Bf4 Be7 4. e3 Nh5 5. Bg3 d6 6. c4 Nd7 7. Nc3 O-O 8. Qc2 {[%emt 0:02:36] White has an edge.} g6 9. O-O-O a6 10. Kb1 b5 11. cxb5 axb5 12. Bxb5 Nb6 13. d5 Nxd5 14. Nxd5 exd5 15. Nd4 $1 c5 16. Nc6 Qc7 {[%emt 0:00:39] [#] White must now prevent ...Bf5.} 17. Rxd5 {[%emt 0:01:14] Nxe7+ would now be deadly.} Nxg3 18. hxg3 (18. fxg3 Be6 19. e4 Rfc8 20. Nxe7+ Qxe7 $14) ({But not} 18. Nxe7+ Qxe7 19. hxg3 (19. fxg3 Be6 $17) 19... Bb7 $15) 18... Bb7 19. Nxe7+ Qxe7 20. Rhd1 Bxd5 21. Rxd5 Rfb8 22. a4 Rb6 23. e4 Qb7 24. Rd2 Qe7 25. Rd5 Qb7 26. Rd2 Qe7 27. Rd5 Qb7 {[%emt 0:00:49] Weighted Error Value: White=0.03 (flawless) /Black=0.05 (flawless) .  Inaccurate:     	---       	Black=1      OK:         	White=10    	Black=6      Best:        	White=1     	Black=1      Strong:       	White=1     	---} 1/2-1/2

[Event "GCT Superbet Romania 2024"]
[Site "Bucharest"]
[Date "2024.06.28"]
[Round "3.5"]
[White "So, Wesley"]
[Black "Deac, Bogdan-Daniel"]
[Result "1/2-1/2"]
[ECO "D73"]
[WhiteElo "2757"]
[BlackElo "2680"]
[Annotator "TA"]
[PlyCount "135"]
[EventDate "2024.06.24"]
[EventType "tourn"]
[EventCountry "ROU"]
[SourceTitle "playchess.com"]
[Source "ChessBase"]
[SourceQuality "1"]
[TimeControl "7200+30"]

1. Nf3 d5 2. g3 g6 3. Bg2 Bg7 4. d4 Nf6 5. c4 dxc4 6. Na3 c5 7. O-O Nc6 {[%emt 0:20:08] D73: Fianchetto Grünfeld: 5 Nf3 .} 8. dxc5 Qxd1 9. Rxd1 Be6 $146 ({Predecessor:} 9... Ne4 10. Nxc4 Nxc5 11. Be3 Be6 12. Nce5 Nxe5 13. Nxe5 Bxe5 14. Bxc5 Rc8 15. Bxa7 Rc2 16. Bxb7 O-O 17. Bd4 {½-½ Bok,B (2598)-Aravindh,C (2566) London Classic op 8th 2016 (6)}) 10. Be3 Nd7 11. Nd4 Nxd4 12. Bxd4 Bxd4 13. Rxd4 O-O-O 14. Nxc4 Nxc5 15. Rxd8+ Rxd8 16. Na5 Rd7 17. Rc1 Kb8 18. b3 Na6 19. a3 Bd5 20. Rd1 Nc7 21. f4 Kc8 22. e4 b6 23. exd5 bxa5 24. Rc1 Rd6 25. Rc5 Rb6 26. Rxa5 Rxb3 27. Rxa7 Rb1+ 28. Kf2 Rb2+ 29. Kg1 Rb1+ 30. Bf1 Nxd5 31. Kf2 Rb2+ 32. Kf3 Nc7 33. Be2 h5 34. Ra4 e6 35. Rb4 Ra2 36. Rb3 Nd5 37. h4 Kc7 38. Bc4 Rc2 39. Bd3 Ra2 40. Bc4 Rc2 41. Bd3 Ra2 42. Ke4 Kd6 43. Kd4 Rd2 44. Kc4 Kc6 45. Be4 Re2 46. Bf3 Re1 47. Kd4 Kd6 {[%emt 0:00:56] [#]} (47... Rg1 $11) 48. Bxd5 $1 $16 exd5 49. Rb6+ Ke7 50. Kxd5 Re3 51. a4 Ra3 52. Rb4 Rxg3 53. a5 (53. Kc5 $16) 53... Ra3 $11 54. Rb5 Ra4 $1 55. Kc5 Kd7 (55... Kd8 $11) 56. Kb6 (56. Rb7+ $1 $14 Kc8 57. Ra7) 56... Kc8 $1 $11 57. a6 Kb8 $1 58. f5 (58. Re5 $5 Rb4+ $8 59. Ka5 Rxf4 60. Re8+ Ka7 61. Re7+ Ka8 62. Kb5 $11) 58... Rxh4 59. Re5 Rb4+ 60. Ka5 Rf4 61. Re8+ Ka7 $1 62. Re7+ Ka8 63. Re8+ Ka7 64. Re7+ Ka8 65. Re8+ Ka7 66. Re7+ Ka8 67. Re8+ Ka7 68. Re7+ 1/2-1/2

[Event "GCT Superbet Romania 2024"]
[Site "Bucharest"]
[Date "2024.06.29"]
[Round "4.1"]
[White "Nepomniachtchi, Ian"]
[Black "So, Wesley"]
[Result "1/2-1/2"]
[ECO "C65"]
[WhiteElo "2770"]
[BlackElo "2757"]
[Annotator "TA"]
[PlyCount "110"]
[EventDate "2024.06.24"]
[EventType "tourn"]
[EventCountry "ROU"]
[SourceTitle "playchess.com"]
[Source "ChessBase"]
[SourceQuality "1"]
[TimeControl "7200+30"]

1. e4 e5 2. Nf3 Nc6 3. Bb5 Nf6 4. d3 Bc5 5. c3 O-O 6. O-O d6 7. h3 a6 8. Ba4 h6 9. Re1 Re8 10. Nbd2 b5 11. Bc2 a5 12. Nf1 d5 13. d4 {[%emt 0:06:36] [#] Hoping for exd5.} dxe4 14. dxc5 {[%emt 0:06:48] N3d2 is the strong threat.} Qxd1 15. Bxd1 exf3 16. Bxf3 Bb7 17. Ne3 a4 18. Nc2 Na5 19. Be2 Be4 20. Nb4 c6 21. Bf1 Rac8 22. Be3 Bd5 23. g4 Nc4 24. Rab1 Be4 {[%emt 0:06:13] aiming for ...Nxe3.} 25. Rbd1 Nxb2 26. Rd6 {[%emt 0:00:05] Black must now prevent Bc1.} Re6 27. Rxe6 ({White should try} 27. g5 $15 hxg5 28. Bxg5) 27... fxe6 $17 28. g5 {[%emt 0:00:02] [#]} hxg5 29. Bxg5 Bf5 30. Rxe5 Ne4 (30... Nd5 $15 31. Nxd5 cxd5) 31. Be3 $1 $11 {[%emt 0:01:19] The position is equal.} Nc4 ({Much worse is} 31... Nxc3 $6 32. Bd4 Nbd1 33. Bg2 $16) 32. Bxc4 bxc4 33. Bd4 Ng5 34. Kg2 {[%emt 0:00:46] Repels Nf3} Bxh3+ 35. Kg3 (35. Kh2 $5 Bf5 $8 36. Kg3 $15) 35... Bf5 36. f3 Kf7 37. Re2 Nh7 38. Rd2 Nf6 39. Bxf6 Kxf6 {[%emt 0:02:29][%mdl 4096] Endgame. KRB-KRN} 40. Rd6 a3 (40... Bb1 41. a3 $14 (41. Nxc6 Bxa2 42. Nd4 Rxc5 $11)) 41. Nxc6 Bb1 42. Nd4 Rxc5 43. Rxe6+ ({Reject} 43. Nxe6 Re5 44. Nd4+ Kf7 $17) 43... Kf7 44. Ra6 Rg5+ 45. Kf2 Bxa2 46. Rxa3 Bb1 47. Ra7+ Kf6 48. Ra6+ Kf7 49. f4 Rg4 50. Kf3 Rg1 51. Ke3 g5 52. Ra7+ Kf6 53. Ra6+ Kf7 54. Ra7+ Kf6 55. Ra6+ Kf7 {Weighted Error Value: White=0.05 (flawless) /Black=0.04 (flawless) .  Mistake:       	White=1     	Black=1      Inaccurate:     	White=2     	Black=2      OK:         	White=23    	Black=29     Best:        	White=1     	Black=3      Strong:       	White=1     	---} 1/2-1/2

[Event "GCT Superbet Romania 2024"]
[Site "Bucharest"]
[Date "2024.06.29"]
[Round "4.2"]
[White "Caruana, Fabiano"]
[Black "Deac, Bogdan-Daniel"]
[Result "1-0"]
[ECO "E29"]
[WhiteElo "2805"]
[BlackElo "2680"]
[Annotator "TA"]
[PlyCount "67"]
[EventDate "2024.06.24"]
[EventType "tourn"]
[EventCountry "ROU"]
[SourceTitle "playchess.com"]
[Source "ChessBase"]
[SourceQuality "1"]
[TimeControl "7200+30"]

1. d4 Nf6 2. c4 e6 3. Nc3 Bb4 4. e3 O-O 5. a3 Bxc3+ 6. bxc3 c5 7. Bd3 Nc6 8. Rb1 d6 9. Ne2 e5 10. O-O {[%emt 0:07:48] The position is equal.} Re8 11. f3 b6 12. e4 cxd4 13. cxd4 Nxd4 14. Nxd4 exd4 15. Bg5 Re5 16. Bh4 Qe7 17. Be2 Ra5 18. Rb3 Ba6 19. Qxd4 Qe5 20. Rd1 Qxd4+ 21. Rxd4 Ne8 22. Be1 Rc5 23. Bb4 Rc6 24. f4 Rac8 25. Rc3 R8c7 26. Kf2 h5 27. h3 {[%emt 0:04:40] White is much more active.} g6 28. a4 Rc8 29. Ke3 Bb7 30. f5 gxf5 (30... R8c7 $142 31. Kf4 Kg7) 31. exf5 $16 Nf6 {[%emt 0:05:06] [#]} 32. Kf4 $1 (32. Rxd6 $2 {loses.} Rxd6 33. Bxd6 Re8+ (33... Bxg2 34. Be5 $11) (33... Nd5+ 34. cxd5 Rxc3+ 35. Kd4 $17) 34. Kd3 Rd8 $19 (34... Bxg2 35. Bc7 $17) (34... Ne4 $2 35. Bb4 $19)) 32... d5 33. Be7 {[%emt 0:06:57] Rg3+ is the strong threat.} ({Stronger than} 33. Rg3+ Kh7 $11) 33... Re8 $2 (33... Ne4 {is tougher.} 34. Re3 R6c7) 34. Re3 {[%emt 0:00:45] Weighted Error Value: White=0.04 (flawless) /Black=0.28 (precise) .  Mistake:       	---       	Black=2      Inaccurate:     	White=1     	Black=2      OK:         	White=15    	Black=5      Best:        	White=1     	---} 1-0

[Event "GCT Superbet Romania 2024"]
[Site "Bucharest"]
[Date "2024.06.29"]
[Round "4.3"]
[White "Abdusattorov, Nodirbek"]
[Black "Vachier-Lagrave, Maxime"]
[Result "1/2-1/2"]
[ECO "B90"]
[WhiteElo "2766"]
[BlackElo "2732"]
[Annotator "TA"]
[PlyCount "94"]
[EventDate "2024.06.24"]
[EventType "tourn"]
[EventCountry "ROU"]
[SourceTitle "playchess.com"]
[Source "ChessBase"]
[SourceQuality "1"]
[TimeControl "7200+30"]

1. e4 c5 2. Nf3 d6 3. d4 cxd4 4. Nxd4 Nf6 5. Nc3 a6 6. Qd3 Nbd7 7. Be2 b5 8. O-O Bb7 9. b4 {[%emt 0:01:35] Against Nc5} e6 10. a4 bxa4 11. Qg3 Qc8 12. Ra3 (12. Nxa4 Nxe4 13. Qg4 h5 $15) 12... h5 13. h4 e5 14. Nf3 (14. Nf5 $11 {remains equal.}) 14... Bxe4 $17 15. Ng5 {[%emt 0:02:44] [#]} Bc6 16. Nxa4 Be7 (16... d5 $17 17. Nc5 Bxc5 18. bxc5 O-O) 17. c4 $15 Rb8 18. Bd2 O-O 19. Nc3 {[%emt 0:00:02] Repels d5} Nb6 20. Rc1 Bb7 21. Qd3 (21. Nd1 $1 $14) 21... Qc6 22. Bf3 {[%emt 0:07:29] Active counter play!} Qxc4 23. Nd5 $1 Bxd5 24. Rxc4 Bxc4 25. Qc2 g6 26. Be3 {[%emt 0:01:09] [#] Strongly threatening Bxb6.} Bb5 27. Bxb6 Rxb6 28. Ne6 Rfb8 {[%emt 0:05:08] And now ...e4 would win.} (28... fxe6 $2 {too greedy.} 29. Qxg6+ Kh8 30. Qh6+ Kg8 (30... Nh7 $2 31. Be4 $18) 31. Bd1 $18) 29. Nc7 $1 Kg7 30. Nd5 Rc6 (30... Nxd5 $15 31. Bxd5 Be8 (31... Bxh4 32. Qc7 $11)) 31. Qd2 $11 Nxd5 32. Bxd5 Rc7 33. Rc3 $1 Rxc3 34. Qxc3 Bxh4 35. Qc7 Rf8 36. g3 Bf6 37. Kg2 h4 38. gxh4 Bxh4 39. f3 Bg5 40. Kf2 (40. Bb3 $11) 40... Bf4 (40... Bd8 $1 $15 41. Qxd6 Bh4+ 42. Kg2 Re8) 41. Qxd6 {[%emt 0:00:08] The position is equal.} Rc8 {[%emt 0:02:50] ...Rc2+ would now be deadly.} 42. Qe7 $1 Rc2+ 43. Kg1 Rc1+ 44. Kg2 Rc2+ 45. Kg1 {[%emt 0:00:37] The board is on fire.} Rc1+ 46. Kg2 Rc2+ 47. Kg1 Rc1+ {[%emt 0:00:13] Weighted Error Value: White=0.09 (flawless) /Black=0.08 (flawless) .  Mistake:       	White=3     	Black=3      Inaccurate:     	White=3     	Black=3      OK:         	White=19    	Black=14     Best:        	White=4     	Black=1      Strong:       	White=4     	---} 1/2-1/2

[Event "GCT Superbet Romania 2024"]
[Site "Bucharest"]
[Date "2024.06.29"]
[Round "4.4"]
[White "Firouzja, Alireza"]
[Black "Gukesh D"]
[Result "1/2-1/2"]
[ECO "D20"]
[WhiteElo "2737"]
[BlackElo "2763"]
[Annotator "TA"]
[PlyCount "61"]
[EventDate "2024.06.24"]
[EventType "tourn"]
[EventCountry "ROU"]
[SourceTitle "playchess.com"]
[Source "ChessBase"]
[SourceQuality "1"]
[TimeControl "7200+30"]

1. d4 d5 2. c4 dxc4 3. e4 e5 4. Nf3 exd4 5. Bxc4 Bb4+ 6. Nbd2 Nc6 7. O-O Nf6 8. e5 Nd5 9. Nb3 Nb6 10. Bb5 Qd5 11. Nbxd4 O-O 12. Bxc6 bxc6 13. Qc2 c5 14. Nf5 c4 15. a3 Bc5 16. Be3 Bxf5 17. Qxf5 {[%emt 0:01:03] [#] Rad1 would now be deadly.} Bxe3 18. fxe3 Qe6 19. Qxe6 fxe6 20. Nd4 Nd5 21. Rfe1 Rfb8 22. Rac1 Rxb2 23. Rxc4 Rf8 {[%emt 0:06:10] [#] Strongly threatening ...Rff2.} 24. Nxe6 Nxe3 $1 25. Rxc7 Rxg2+ 26. Kh1 Rff2 {[%emt 0:00:57] The position is equal.} 27. Rxe3 Rxh2+ 28. Kg1 Rhg2+ 29. Kh1 Rh2+ 30. Kg1 Rhg2+ 31. Kh1 {[%emt 0:00:06] Weighted Error Value: White=0.06 (flawless) /Black=0.01 (flawless) .  Missed win:     	White=1     	---        Inaccurate:     	White=1     	---        OK:         	White=7     	Black=8      Best:        	White=1     	Black=8      Strong:       	---       	Black=1} 1/2-1/2

[Event "GCT Superbet Romania 2024"]
[Site "Bucharest"]
[Date "2024.06.29"]
[Round "4.5"]
[White "Praggnanandhaa R"]
[Black "Giri, Anish"]
[Result "1-0"]
[ECO "D27"]
[WhiteElo "2747"]
[BlackElo "2745"]
[Annotator "TA"]
[PlyCount "159"]
[EventDate "2024.06.24"]
[EventType "tourn"]
[EventCountry "ROU"]
[SourceTitle "playchess.com"]
[Source "ChessBase"]
[SourceQuality "1"]
[TimeControl "7200+30"]

1. d4 d5 2. c4 dxc4 3. Nf3 Nf6 4. e3 e6 5. Bxc4 c5 6. O-O a6 7. Be2 {[%emt 0:02:47] 7.b3 is a critical line. D27: Queen's Gambit Accepted: Classical main line: 7 e4!? and 7 a4.} Nbd7 8. Nbd2 Be7 9. dxc5 Bxc5 $146 ({Predecessor:} 9... Nxc5 10. Nc4 O-O 11. Qxd8 Rxd8 12. Bd2 Bd7 13. Ba5 Re8 14. Nb6 Rab8 15. Rfd1 Bc6 {1-0 Keymer,V (2686)-Baburin,A (2400) Olympiad-44 Chennai 2022 (4.1)}) 10. Qc2 O-O 11. Rd1 Qe7 12. b3 b6 13. Ne4 Nxe4 14. Qxe4 Rb8 15. Bb2 Bb7 16. Qf4 Rbd8 17. Rac1 Nf6 18. Bd3 Rd5 19. b4 Bd6 20. Bxf6 Qxf6 21. Qxf6 gxf6 22. e4 Rxd3 23. Rxd3 Bxb4 24. Rc4 a5 25. Rd7 Bc8 26. Ra7 e5 27. h3 Be6 28. Rc2 Rd8 29. g4 Bc5 30. Kg2 Kg7 31. Nh4 h5 32. Nf5+ Bxf5 33. gxf5 Rd4 34. Re2 Rd3 35. h4 Rd1 36. Rc2 Rd4 37. f3 Kf8 38. Ra8+ Ke7 39. Ra7+ Kf8 40. Kg3 a4 41. Rg2 a3 42. Kh2 Rd8 43. Kh3 Bb4 (43... Rd3 $16 44. Ra8+ Ke7) 44. Rb7 $18 Bc5 45. Rc7 Be3 (45... Rd3 {was worth a try.}) 46. Rgc2 $18 Bc5 47. Rc4 Ra8 48. Rb7 Ke8 49. Kg2 Kf8 50. Kf1 Ra5 51. Ke2 Ra8 52. Kd3 Rd8+ 53. Kc2 (53. Ke2 $6 Ra8 54. Rc2 Ke8 $18) 53... Kg7 54. Rc3 Bf2 55. Rcc7 Rf8 56. Kd3 Bxh4 57. Ke2 (57. Rxb6 $6 Bg3 $16) 57... Bg3 {[%emt 0:01:06] [#]} 58. Kf1 $1 (58. Rxb6 h4 $11) 58... h4 (58... b5 $142 59. Kg2 (59. Rxb5 h4 $16) 59... Be1) 59. Kg2 $1 $18 (59. Rxb6 h3 $11) 59... Bf4 60. Kh3 (60. Rxb6 h3+ 61. Kxh3 Rh8+ 62. Kg2 (62. Kg4 Rh2 $11) 62... Rh2+ 63. Kf1 Bg3 $11) 60... Be3 61. Rd7 (61. Kxh4 $142 {Threatens to win with Rd7.} Bf4 62. Kh3 (62. Rxb6 Rh8+ 63. Kg4 Rh2 $11)) 61... Bc5 $2 (61... Bf2 62. Rd2 Bd4 63. Rg2+ (63. Kxh4 Rh8+ 64. Kg3 Rg8 $18) 63... Kh6 64. Kxh4 Be3) 62. Kxh4 $18 Rh8+ 63. Kg3 Rf8 64. Kg2 Be3 65. Kf1 Bd4 66. Ke2 Bc5 67. Kd3 Bd4 68. Kc4 Rc8+ 69. Rbc7 Rf8 70. Kb5 Kg8 71. Ra7 Bc5 72. Rab7 Kg7 73. Kc6 Be3 74. Rdc7 Bd4 (74... Bc5 $142 75. Ra7 Kg8) 75. Kd7 $18 Kh6 76. Rc8 Rxc8 77. Kxc8 Kg5 78. Kd7 Kf4 79. Kc6 Kxf3 80. Kd5 ({Weaker is} 80. Rxf7 Kxe4 81. Rxf6 Bc5 $11) 1-0

[Event "GCT Superbet Romania 2024"]
[Site "Bucharest"]
[Date "2024.06.30"]
[Round "5.1"]
[White "Vachier-Lagrave, Maxime"]
[Black "Caruana, Fabiano"]
[Result "1/2-1/2"]
[ECO "C84"]
[WhiteElo "2732"]
[BlackElo "2805"]
[Annotator "TA"]
[PlyCount "56"]
[EventDate "2024.06.24"]
[EventType "tourn"]
[EventCountry "ROU"]
[SourceTitle "playchess.com"]
[Source "ChessBase"]
[SourceQuality "1"]
[TimeControl "7200+30"]

1. e4 e5 2. Nf3 Nc6 3. Bb5 a6 4. Ba4 Nf6 5. O-O Nxe4 6. d4 Be7 7. Re1 b5 8. Rxe4 {[%emt 0:00:11] [#] Black must now prevent Bb3.} ({But not} 8. dxe5 Nxf2 9. Kxf2 bxa4 $17) 8... d5 9. Nxe5 Nxe5 10. Rxe5 {[%emt 0:00:07] White is slightly better.} bxa4 11. Qe2 Be6 12. f4 g6 13. Nc3 a3 14. b3 Bb4 15. Na4 ({Reject} 15. Rxd5 Qe7 16. Ne4 Bxd5 $15) 15... O-O 16. c3 Bd6 {[%emt 0:00:13][%cal Od8e7] [#]} 17. Nc5 $1 Bf5 (17... Re8 18. Qf2) 18. Bxa3 {[%emt 0:08:59] White is more active.} (18. Rxd5 $16 Re8 19. Re5) 18... Qh4 19. Rf1 c6 20. Qe1 (20. h3 $14) 20... Qxe1 $1 $11 {[%emt 0:03:16] The position is equal.} 21. Rexe1 Rfe8 22. Bc1 Bxc5 23. dxc5 Bd3 24. Rxe8+ Rxe8 25. Rd1 Bc2 26. Rf1 Bd3 27. Rd1 Bc2 28. Rf1 Bd3 {[%emt 0:01:22] Weighted Error Value: White=0.13 (very precise) /Black=0.06 (flawless) .  Mistake:       	White=2     	---        Inaccurate:     	White=1     	Black=1      OK:         	White=11    	Black=12     Best:        	White=1     	---        Strong:       	---       	Black=1} 1/2-1/2

[Event "GCT Superbet Romania 2024"]
[Site "Bucharest"]
[Date "2024.06.30"]
[Round "5.2"]
[White "Gukesh D"]
[Black "Abdusattorov, Nodirbek"]
[Result "1/2-1/2"]
[ECO "D02"]
[WhiteElo "2763"]
[BlackElo "2766"]
[Annotator "TA"]
[PlyCount "128"]
[EventDate "2024.06.24"]
[EventType "tourn"]
[EventCountry "ROU"]
[SourceTitle "playchess.com"]
[Source "ChessBase"]
[SourceQuality "1"]
[TimeControl "7200+30"]

1. d4 d5 2. Nf3 Nf6 3. g3 c6 4. Bg2 Bf5 5. Nh4 Be6 6. O-O {[%emt 0:00:10] D02: 1 d4 d5 2 Nf3 sidelines, including 2...Nf6 3 g3 and 2...Nf6 3 Bf4.} g6 7. Nd2 Bg7 8. c3 O-O 9. Re1 a5 10. a4 Nbd7 11. e4 dxe4 12. Nxe4 Bd5 13. Nxf6+ Nxf6 14. Bf1 $146 ({Predecessor:} 14. Nf3 Nd7 15. h4 c5 16. h5 cxd4 17. Nxd4 Bxg2 18. Kxg2 Nc5 19. hxg6 fxg6 {1-0 Alonso Rosell,A (2548)-Fressinet,L (2633) Chess24 Banter Blitz Cup 2019 (1.8)}) 14... Qd7 15. Ng2 Be6 16. Nf4 Bf5 17. Nd3 Nd5 18. Qf3 Qc7 19. h4 h5 20. Ne5 e6 21. Qe2 c5 22. dxc5 Rad8 23. Nc4 Bg4 24. Qc2 Qxc5 25. Qb3 b6 26. Bg2 Bf5 27. Bg5 Rb8 (27... Bd3 $5 28. Ne5 $16 (28. Bxd8 $2 Bxc4 29. Bxb6 Qc6 $19)) 28. Ne3 Nxe3 29. Bxe3 Qc7 30. Qb5 e5 31. Red1 Kh7 32. Qc6 Qxc6 33. Bxc6 Bh6 34. Bxh6 Kxh6 35. Rd6 Rfd8 36. Rad1 Rxd6 37. Rxd6 Kg7 $1 38. Bb5 Be6 39. Kf1 Kf8 40. Ke2 Ke7 41. Rc6 Rb7 (41... Bd5 $5 42. Rc7+ $8 Kd6 43. Rd7+ Ke6 $16) 42. Ba6 Ra7 43. Bb5 (43. Rxb6 $2 {loses.} Rxa6 44. Rxa6 Bc4+ 45. Ke3 Bxa6 $19) 43... Rb7 44. Ba6 Ra7 45. Bc8 (45. Rxb6 $2 {is the wrong capture.} Rxa6 46. Rb7+ (46. Rxa6 $2 Bc4+ 47. Ke3 Bxa6 $19) 46... Kf6 $19) 45... Bxc8 46. Rxc8 Rb7 47. Kd3 Rd7+ 48. Ke2 Rd6 49. Rc7+ Ke6 50. b4 axb4 51. cxb4 b5 52. axb5 Rd4 53. b6 Rxb4 54. b7 f6 55. Kd3 (55. Rg7 $14) 55... g5 $1 $11 56. hxg5 (56. Kc3 $5 Rb1 $8 57. hxg5 fxg5 58. Kd3 $16) 56... fxg5 57. Rh7 h4 58. gxh4 gxh4 59. Rxh4 Rxb7 60. f4 Rb3+ 61. Ke2 exf4 62. Rxf4 Rb5 63. Re4+ Re5 64. Rxe5+ Kxe5 1/2-1/2

[Event "GCT Superbet Romania 2024"]
[Site "Bucharest"]
[Date "2024.06.30"]
[Round "5.3"]
[White "So, Wesley"]
[Black "Praggnanandhaa R"]
[Result "1/2-1/2"]
[ECO "E62"]
[WhiteElo "2757"]
[BlackElo "2747"]
[Annotator "TA"]
[PlyCount "97"]
[EventDate "2024.06.24"]
[EventType "tourn"]
[EventCountry "ROU"]
[SourceTitle "playchess.com"]
[Source "ChessBase"]
[SourceQuality "1"]
[TimeControl "7200+30"]

1. d4 Nf6 2. c4 g6 3. g3 Bg7 4. Bg2 O-O 5. Nc3 d6 6. Nf3 a5 7. O-O Bf5 8. Nh4 {[%emt 0:09:16][%cal Oh4f5] Black must now prevent Nxf5!} Bc8 {[%emt 0:00:34] White is slightly better.} 9. b3 Nbd7 10. Ba3 e5 11. dxe5 Nxe5 12. Qc2 Nc6 13. Rad1 Bd7 14. h3 Re8 15. Kh2 Nb4 16. Qd2 Bc6 17. Bb2 Na6 18. Nd5 Nc5 19. Qc2 Nxd5 20. cxd5 Bb5 21. Rfe1 Bxb2 22. Qxb2 a4 23. Nf3 axb3 24. axb3 Ne4 25. e3 Bd7 26. Qc2 c5 27. dxc6 bxc6 28. Nd4 Qe7 29. f3 Nc5 30. e4 Reb8 31. f4 Rb4 32. Re3 Rab8 33. e5 d5 34. Rc3 Ne6 35. Nxc6 Bxc6 36. Rxc6 Rxb3 37. Rc8+ (37. Bxd5 $2 {loses.} Rb2 38. Bxe6 Rxc2+ (38... Qxe6 $2 39. Rc3 $19) 39. Rxc2 Qxe6 $19 (39... fxe6 $2 40. Rd4 $19)) 37... Rxc8 38. Qxc8+ Kg7 39. Rxd5 $2 {[%emt 0:01:01][%mdl 8192] [#]} (39. Bxd5 $11 {and White stays safe.} Rb2+ 40. Bg2) 39... Qb4 $2 (39... Qa7 $1 $19 40. Qc2 Qe3) 40. Qc1 $1 $11 {[%emt 0:00:53] The position is equal.} Rb2 {[%emt 0:00:41][%cal Ob2g2] Wards off Qd2. ...Rxg2+! is the strong threat.} 41. Rd3 Re2 42. Re3 {[%emt 0:01:24] Repels Qe4} Nxf4 43. Rxe2 Nxe2 {[%emt 0:00:02][%mdl 4096] Endgame. KQB-KQN} 44. Qf1 Nd4 45. Qf6+ Kg8 46. Qd8+ Kg7 47. Qf6+ Kg8 48. Qd8+ Kg7 49. Qf6+ {[%emt 0:00:11] Weighted Error Value: White=0.21 (precise) /Black=0.23 (precise) .  Loses game:     	White=1     	---        Missed win:     	---       	Black=1      Inaccurate:     	White=4     	Black=3      OK:         	White=19    	Black=19     Best:        	White=1     	Black=4      Strong:       	White=1     	---} 1/2-1/2